 Dungeon Crawl Stone Soup version 0.29.1-12-g30fa7ad0bf (webtiles) character file.

Game seed: 9585408224723541129

116 MisterFreud the Sneak (level 4, -2/31 HPs)
             Began as a Felid Berserker on Dec 17, 2022.
             Was a Follower of Trog.
             Slain by a water moccasin (7 damage)
             ... on level 5 of the Dungeon.
             The game lasted 00:03:39 (3929 turns).

MisterFreud the Sneak (Felid Berserker)             Turns: 3929, Time: 00:03:40

Health: -2/31      AC:  1    Str: 13    XL:     4   Next: 69%
Magic:  5/5        EV: 18    Int:  9    God:    Trog [*.....]
Gold:   277        SH:  0    Dex: 17    Spells: 3/3 levels left
                                        Lives:  0   Deaths: 1

rFire   . . .      SeeInvis +     - Unarmed
rCold   . . .      Faith    .   (shield unavailable)
rNeg    . . .      Spirit   .   (body armour unavailable)
rPois   .          Reflect  .   (helmet unavailable)
rElec   .          Harm     .   (cloak unavailable)
rCorr   .          Rampage  .   (gloves unavailable)
Will    .....                   (boots unavailable)
Stlth   ..........              (no amulet)
HPRegen 0.10/turn               (no ring)
MPRegen 0.09/turn               (no ring)

@: berserking, very quick
A: very small, claws 1, fangs 3, see invisible, speed 1, shaggy fur 1, stealthy
paws, no weapons or thrown items, no armour, multi-lived
a: Renounce Religion, Berserk


You were on level 5 of the Dungeon.
You worshipped Trog.
Trog was aware of your devotion.
You visited 1 branch of the dungeon, and saw 5 of its levels.

You collected 357 gold pieces.
You spent 80 gold pieces at shops.

Inventory:

Scrolls
 f - 2 scrolls of poison
 h - 3 scrolls of teleportation
 k - a scroll of amnesia {unknown}
Potions
 a - a potion of attraction
 b - 2 potions of lignification
 c - a potion of flight
 d - a potion of might {unknown}
 e - 2 potions of curing {unknown}
 g - a potion of magic {unknown}
 i - 2 potions of brilliance {unknown}
 j - 2 potions of haste {unknown}


   Skills:
 - Level 3.0 Fighting
 - Level 4.0 Dodging
 + Level 5.5 Stealth
 + Level 5.0 Unarmed Combat


You had 3 spell levels left.
You didn't know any spells.
Your spell library was empty.

Dungeon Overview and Level Annotations

Branches:
Dungeon (5/15)
 Temple: D:4-7

Altars:
Ashenzari
Dithmenos
Elyvilon
Gozag
Hepliaklqana
Makhleb
Xom
Zin

Shops:
D:1 *


Innate Abilities, Weirdness & Mutations

You have sharp claws.
You have razor-sharp teeth.
You have supernaturally acute eyesight. (SInv)
You cover ground quickly. (Speed+)
You are covered in fur. (AC +1)
Your paws help you pounce on unaware monsters.
You are incapable of wielding weapons or throwing items.
You cannot wear armour.
You gain extra lives every three experience levels.


Message History

You are now level 4!
You rejoin the land of the living...
Found a scroll of silence and 25 gold pieces.
Unknown command.
Unknown command.
You now have 277 gold pieces (gained 12).
You see here a +0 mace of protection.
Found a war axe.
An iguana comes into view.
An iguana is nearby!
An iguana is nearby!
An ufetubus comes into view.
The iguana hisses angrily.
You scratch the iguana but do no damage.
The iguana misses you.
A water moccasin comes into view.
You scratch the iguana but do no damage.
The iguana misses you.
You scratch the iguana but do no damage.
You bite the iguana, but do no damage. The iguana completely misses you.
The ufetubus misses you. The ufetubus barely misses you.
A red film seems to cover your vision as you go berserk!
You feel yourself moving faster!
You feel mighty!
You can no longer call upon Trog for regeneration and willpower.
The ufetubus misses you. The ufetubus hits you. The iguana barely misses you.
You claw the iguana! Your bite misses the iguana.
The iguana is severely wounded.
The ufetubus completely misses you. The ufetubus hits you.
You closely miss the iguana.
The iguana is severely wounded.
The iguana bites you! The ufetubus barely misses you. The ufetubus hits you.
* * * LOW HITPOINT WARNING * * *
You closely miss the iguana.
The iguana is severely wounded.
The ufetubus closely misses you. The ufetubus completely misses you.
You claw the iguana!
You kill the iguana!
Trog accepts your kill. The water moccasin bites you!
You die...

... ....
.....#############
.....#...).#.....##
....#.............##
...................#
......5............#
.....!.@...........#
......S............#
...................#
..................##
....##..........)##
...# ##..##.######
..# #..###.# ..
..####.#####
#.....?#


You could see a water moccasin and an ufetubus.

Vanquished Creatures
  A black bear (D:4)
  A hound (D:3)
  An iguana (D:5)
  5 adders
  2 worms (D:2)
  2 dart slugs
  3 bats
  7 endoplasms
  3 giant cockroaches
  5 goblins
  6 hobgoblins
  5 quokkas
  5 ball pythons
  3 frilled lizards
  5 kobolds
54 creatures vanquished.

Vanquished Creatures (others)
  A withered plant (D:1)
1 creature vanquished.

Grand Total: 55 creatures vanquished

Notes
Turn   | Place    | Note
-------+----------+-------------------------------------------
     0 | D:1      | MisterFreud the Felid Berserker began the quest for the
                  | Orb.
     0 | D:1      | Reached XP level 1. HP: 10/10 MP: 2/2
   162 | D:1      | Reached skill level 1 in Stealth
   392 | D:1      | Reached XP level 2. HP: 14/14 MP: 3/3
   575 | D:1      | Found a faded altar of an unknown god.
   806 | D:1      | Found Waph's Assorted Antiques.
  1095 | D:2      | Reached XP level 3. HP: 17/17 MP: 4/4
  1160 | D:1      | Bought a scroll labelled SYRINI QYPE for 20 gold pieces
  1160 | D:1      | Bought a scroll labelled ATEXKAZ ZOMUNU for 20 gold pieces
  1160 | D:1      | Bought a scroll labelled SUITEGHIUPY for 20 gold pieces
  1160 | D:1      | Bought a scroll labelled ANAP KAXISMAGH for 20 gold pieces
  2092 | D:3      | Found a burning altar of Makhleb.
  2101 | D:3      | Found a glowing silver altar of Zin.
  2101 | D:3      | Noticed an angel
  2102 | D:3      | Noticed a balrug
  2229 | D:3      | Reached ** piety under Trog
  2239 | D:3      | Found a hazy altar of Hepliaklqana.
  2270 | D:3      | Found an opulent altar of Gozag.
  2500 | D:3      | Found a white marble altar of Elyvilon.
  2522 | D:3      | Found a broken altar of Ashenzari.
  2528 | D:3      | Reached XP level 4. HP: 15/21 MP: 5/5
  2621 | D:3      | Found a shimmering altar of Xom.
  2621 | D:3      | Found a shimmering altar of Xom.
  2727 | D:3      | Found a shimmering altar of Xom.
  2727 | D:3      | Found a shimmering altar of Xom.
  2728 | D:3      | Found a shimmering altar of Xom.
  2732 | D:3      | Found a shimmering altar of Xom.
  3255 | D:4      | Found a shadowy altar of Dithmenos.
  3379 | D:4      | Noticed a black bear
  3390 | D:4      | Killed a black bear
  3391 | D:4      | Reached skill level 5 in Stealth
  3391 | D:4      | Reached skill level 5 in Unarmed Combat
  3391 | D:4      | Reached XP level 5. HP: 18/24 MP: 6/6
  3847 | D:5      | Entered Level 5 of the Dungeon
  3901 | D:5      | HP: 1/36 [orc/+0 short sword (4)]
  3901 | D:5      | Slain by an orc wizard
  3902 | D:5      | Reached XP level 4. HP: -1/31 MP: 5/5
  3922 | D:5      | Noticed a water moccasin
  3929 | D:5      | Slain by a water moccasin

Illustrated notes

Levels and vault maps discovered:
D:1:      eino_arrival_water_cross, layout_loops_cross,
          ebering_ecumenical_altar_petrified, serial_shops, shop,
          hangedman_abyss_or_decor_stabs, nicolae_titane
D:2:      layout_rooms, minmay_misc_feat_x, minmay_hexomino_u4
D:3:      layout_basic, grunt_temple_overflow_order_and_chaos_2,
          mainiacjoe_overflow_brackets, nicolae_hepliaklqana_hazy_memory,
          xom_redecorated, amcnicky_altar_gilded, overflow_temple_1_default
D:4:      layout_gridville, grunt_dithmenos_smoke_and_mirrors
D:5:      layout_rooms, trog_butcher_becter, mainiacjoe_overflow_paths

Skill      XL: |  1  2  3  4 |
---------------+-------------+-----
Stealth        | 1 2 3 5 |  5.5
Unarmed Combat | 4 5 |  5.0
Fighting       | |  3.0
Dodging        | |  4.0

Action                   |  1- 3 |  4- 6 || total
-------------------------+-------+-------++-------
Melee: Unarmed           |    86 |    63 ||   149
       Bite              |     9 |     7 ||    16
       Punch             |     3 |     1 ||     4
Invok: Berserk           |       |     3 ||     3
       Trog's Hand       |       |     2 ||     2
  Use: Scroll            |     9 |     1 ||    10
 Stab: Sleeping          |    15 |     7 ||    22
Armor: Skin              |     3 |     3 ||     6
Dodge: Dodged            |    42 |    54 ||    96
